 Dungeon Crawl Stone Soup version 0.18-b1-16-g289874d (webtiles) character file.

105 theY the Grave Robber (level 4, -3/33 HPs)
             Began as a Hill Orc Necromancer on May 1, 2016.
             Slain by a gnoll
             ... wielding a +0 halberd
              (14 damage)
             ... on level 2 of the Dungeon.
             The game lasted 00:04:19 (3195 turns).

theY the Grave Robber (Hill Orc Necromancer)        Turns: 3195, Time: 00:04:20

Health: -3/33      AC:  3    Str: 10    XL:     4   Next: 83%
Magic:  1/7        EV: 12    Int: 16    God:
Gold:   163        SH:  0    Dex: 11    Spells: 2 memorised, 6 levels left

rFire  . . .     SeeInvis .     l - +0 great mace
rCold  . . .     Gourm    .     a - +0 robe
rNeg   . . .     Faith    .     (shield currently unavailable)
rPois  .         Spirit   .     (no helmet)
rElec  .         Dismiss  .     (no cloak)
rCorr  .         Reflect  .     m - +0 pair of gloves
SustAt .         Harm     .     (no boots)
MR     .....                    (no amulet)
Stlth  ++........               (no ring)
                                (no ring)

@: not resistant to hostile enchantments, unstealthy
A: no striking features
a: no special abilities


You were on level 2 of the Dungeon.
You were hungry.

You visited 1 branch of the dungeon, and saw 3 of its levels.

You collected 163 gold pieces.

Inventory:

Hand Weapons
 i - a +0 club
 l - a +0 great mace (weapon)
 n - a +0 blowgun
 q - a +2 antimagic short sword
Missiles
 o - 12 poisoned needles
Armour
 a - a +0 robe (worn)
 m - a +0 pair of gloves (worn)
Scrolls
 e - 2 scrolls of noise {unknown}
 f - a scroll of magic mapping {unknown}
 j - a scroll of teleportation {unknown}
 k - 2 scrolls of remove curse {unknown}
 p - a scroll of identify {unknown}
 s - a scroll of random uselessness {unknown}
 t - a scroll of enchant weapon {unknown}
 v - 2 scrolls of fear {unknown}
Potions
 g - a potion of curing {unknown}
 r - 2 potions of magic {unknown}
 u - a potion of might {unknown}
Books
 b - a book of Necromancy

   Spells                             Type                      Level
   a - Pain                           Necromancy                   1
   b - Animate Skeleton               Necromancy                   1
   c - Vampiric Draining              Necromancy                   3
   d - Regeneration                   Charms/Necromancy            3
   e - Animate Dead                   Necromancy                   4
   f - Control Undead                 Necromancy                   4
Comestibles
 c - 3 bread rations
 d - 2 fruits
 h - 2 meat rations


   Skills:
 + Level 0.2 Fighting
 + Level 1.8 Dodging
 + Level 1.8 Stealth
 + Level 2.6 Spellcasting
 + Level 5.0 Necromancy


You had 6 spell levels left.
You knew the following spells:

 Your Spells              Type           Power        Failure   Level  Hunger
a - Pain                  Necr           ###.         2%          1    #......
b - Animate Skeleton      Necr           N/A          2%          1    #......


Dungeon Overview and Level Annotations

Branches:
Dungeon (3/15)

Altars:
Ashenzari
Ru


Message History

The gnoll convulses in agony!
The gnoll closely misses you.
Casting: Pain
Confirm with . or Enter, or press ? or * to list all spells.
Aiming: Pain
Press: ? - help, Shift-Dir - straight line, f/p - gnoll
Aim: a gnoll, wielding a halberd (heavily wounded, chance to defeat MR: 84%)
The gnoll convulses in agony!
Casting: Pain
Confirm with . or Enter, or press ? or * to list all spells.
You don't have enough magic to cast that spell.
Casting: Pain
Confirm with . or Enter, or press ? or * to list all spells.
You don't have enough magic to cast that spell.
Casting: Pain
Confirm with . or Enter, or press ? or * to list all spells.
You don't have enough magic to cast that spell.
The gnoll barely misses you.
You closely miss the gnoll. The gnoll hits you with a halberd!
The gnoll hits you from afar with a halberd!
You die...

#.##....# ##..)....## ##.###.#
#.##.#..###.........####......##
#.#.......'.........'...........
#.......###.........####...#####
#####.### ##.......## ##.## #.#
##.....## #.# #.# ##...## #.#
#.# ##'## #.# #.# #@#########.#
#.#########g#......##.#
#.g....g.##g#.####.##Z#
########.#....#.##.##.#
#..[....#.#.##.#
#......###Z....#
####.#..#.#.#### #.#.#†##.#
#.#......#


You could see 2 gnolls.

Vanquished Creatures
  2 gnolls
  An adder (D:3)
  An ooze (D:3)
  A worm (D:2)
  2 dart slugs (D:1)
  5 giant geckos
  5 giant cockroaches
  6 goblins
  4 hobgoblins
  5 jackals
  A quokka (D:3)
  6 bats
  5 giant newts
  5 kobolds
  7 rats
56 creatures vanquished.

Vanquished Creatures (collateral kills)
  An adder (D:2)
1 creature vanquished.

Vanquished Creatures (others)
  A plant (D:1)
1 creature vanquished.

Grand Total: 58 creatures vanquished

Notes
Turn   | Place    | Note
--------------------------------------------------------------
     0 | D:1      | theY the Hill Orc Necromancer began the quest for the Orb.
     0 | D:1      | Reached XP level 1. HP: 14/14 MP: 3/3
    62 | D:1      | Learned a level 1 spell: Animate Skeleton
   287 | D:2      | Reached XP level 2. HP: 19/20 MP: 1/4
   570 | D:2      | Reached XP level 3. HP: 16/26 MP: 1/5
  1211 | D:3      | Found a sacrificial altar of Ru.
  2049 | D:1      | Reached XP level 4. HP: 28/33 MP: 2/7
  2959 | D:2      | Found a shattered altar of Ashenzari.
  3188 | D:2      | Reached skill level 5 in Necromancy
  3195 | D:2      | Slain by a gnoll

Skill      XL: |  1  2  3  4 |
---------------+-------------+-----
Spellcasting   | 2 |  2.6
Necromancy     | 5 |  5.0
Fighting       | |  0.2
Dodging        | |  1.8
Stealth        | |  1.8

Action                   |  1- 3 |  4- 6 || total
-------------------------+-------+-------++-------
Melee: Club              |    19 |       ||    19
       Great mace        |     5 |    10 ||    15
 Cast: Pain              |    53 |    44 ||    97
       Animate Skeleton  |     9 |     4 ||    13
 Stab: Distracted        |     1 |       ||     1
       Sleeping          |     1 |       ||     1
  Eat: Chunk             |     4 |     3 ||     7
       Fruit             |     1 |       ||     1
Armor: Robe              |    16 |     6 ||    22
Dodge: Dodged            |    30 |    23 ||    53
